AoeStats
← Kýlê

Hill Fort

503887458Analyzed
3v3 RM · 1mo ago on Sep 2, 2026· 46m 57s· 6 players
Game mode
Random Map
Map size
Normal (6 player)
Population
200
Speed
Normal
Resources
Standard
Victory
Conquest
Starting age
Dark Age
Ending age
Imperial Age
RankedLock teamsTeams togetherTeam positionsShared explorationLock speedFull tech treeHidden civsTurbo modeCheats
Victory
Defeat
🇬🇧 Malians · United Kingdom
910
+17
🇨🇱 Celts · Chile
896
+17
🇫🇷 Hindustanis · France
865
+19
🇩🇪 Teutons · Germany
922
-49
🇩🇪 Spanish · Germany
922
-49
🇩🇪 Goths · Germany
922
-49
KaneGB
1:54 Loom
2:02 Loom
11:06 Feudal Age
20:45 Castle Age
19:37 Horse Collar
20:59 Stone Mining
20:58 Double-Bit Axe
24:26 Pikeman
25:01 Light Cavalry
26:16 Town Watch
31:11 Ballistics
34:48 Imperial Age
33:12 Bow Saw
34:41 Wheelbarrow
35:28 Forging
35:18 Scale Mail Armor
36:16 Halberdier
37:15 Chain Mail Armor
37:36 Iron Casting
38:15 Heavy Scorpion
41:31 Blast Furnace
41:02 Plate Mail Armor
40:37 Scale Barding Armor
41:54 Furor Celtica
42:58 Gold Mining
45:09 Hand Cart
44:58 Town Patrol
45:16 Hussar
46:01 Husbandry
46:24 Chain Barding Armor
Mistydeath
5:23 Loom
10:53 Feudal Age
11:23 Double-Bit Axe
12:16 Wheelbarrow
11:25 Horse Collar
17:41 Castle Age
17:29 Gold Mining
17:31 Stone Mining
18:26 Town Watch
22:24 Bow Saw
22:53 Heavy Plow
23:51 Hand Cart
26:33 Fletching
28:27 Ballistics
28:24 Forging
28:16 Scale Mail Armor
28:51 Squires
28:37 Arson
30:15 Iron Casting
29:22 Pikeman
33:41 Imperial Age
33:12 Chain Mail Armor
33:04 Town Patrol
34:56 Conscription
35:28 Gold Shaft Mining
35:31 Elite Gbeto
38:31 Plate Mail Armor
38:43 Crop Rotation
45:23 Bodkin Arrow
Oltav4
8:53 Loom
10:57 Feudal Age
12:17 Double-Bit Axe
12:13 Horse Collar
13:13 Wheelbarrow
14:02 Town Watch
14:13 Gold Mining
21:41 Castle Age
20:57 Padded Archer Armor
22:38 Forging
23:05 Bow Saw
22:58 Heavy Plow
26:55 Stone Mining
29:41 Hand Cart
32:19 Husbandry
32:30 Bloodlines
32:30 Scale Barding Armor
33:01 Iron Casting
35:12 Imperial Age
33:19 Grand Trunk Road
34:19 Town Patrol
36:18 Chain Barding Armor
37:00 Blast Furnace
39:14 Elite Ghulam
41:25 Two-Man Saw
40:31 Heavy Camel Rider
41:50 Plate Barding Armor
41:16 Scale Mail Armor
42:01 Ballistics
42:42 Chemistry
41:48 Caravan
44:52 Chain Mail Armor
Kýlê
5:03 Loom
12:41 Feudal Age
19:09 Castle Age
17:53 Double-Bit Axe
18:37 Gold Mining
19:05 Horse Collar
19:28 Scale Mail Armor
21:49 Heavy Plow
22:03 Bow Saw
25:18 Wheelbarrow
28:20 Hand Cart
31:20 Bloodlines
30:32 Light Cavalry
31:14 Husbandry
31:02 Elite Skirmisher
31:07 Pikeman
36:25 Squires
40:15 Imperial Age
40:20 Elite Conquistador
42:00 Cavalier
42:31 Town Watch
43:04 Chain Mail Armor
42:56 Scale Barding Armor
44:26 Redemption
Art of War
3:45 Loom
13:31 Feudal Age
14:38 Double-Bit Axe
18:40 Castle Age
17:15 Horse Collar
20:16 Bow Saw
20:42 Heavy Plow
20:36 Gold Mining
21:40 Pikeman
22:16 Stone Mining
23:30 Wheelbarrow
22:41 Elite Skirmisher
23:27 Squires
23:57 Gambesons
28:44 Bloodlines
32:40 Imperial Age
31:15 Crossbowman
33:20 Hand Cart
38:23 Forging
38:13 Scale Mail Armor
38:18 Scale Barding Armor
virulus
1:08 Loom
12:42 Feudal Age
14:03 Wheelbarrow
13:12 Horse Collar
13:36 Double-Bit Axe
23:50 Man-at-Arms
29:12 Castle Age
29:44 Long Swordsman
30:33 Heavy Plow
30:47 Bow Saw
30:37 Stone Mining
31:13 Gold Mining
34:00 Hand Cart
36:04 Stone Shaft Mining
Connection lost

Rejoining the realm…

Still unreachable

The connection could not be restored.

Session expired

The server has moved on; the page needs a fresh start.